Unix NetHack Version 3.7.0-80 Work-in-progress - last build Apr 4 2023 12:38:21 (790859391a0ee7bd3181b412646ad1b7e633ff00,branch:master). Game began 2023-04-16 09:22:14, ended 2023-04-16 09:33:04. tromix, chaotic male human Ranger ---------- |...(....| ----- #..........## #....| #|........| #|(..| #|........| #|...| ---------- ###|........-# #|...| |......>.| ----------- ## |........|# #---.- |...f@...| |.........| # --|-------# ## ## #.........| |.........| ### # # ## # #---------- |...(.....|## # # ########### ## |.......>.-# # # # # ## ----------- # ## # # # #### # # # # #------- # -|----------.---# #|....{| # |..............|# #|.....|## |..............-# #|...<.|# |..............| #......-# |..............| ------- ---------------- Tromix the Lookout St:11 Dx:13 Co:14 In:14 Wi:14 Ch:7 Chaotic Dlvl:2 $:70 HP:0(28) Pw:24(24) AC:7 Exp:4 T:2613 Latest messages: You are beginning to feel hungry. You feel strong! You must have been exercising diligently. You kill the jackal! You see here a jackal corpse. There is a jackal corpse here; eat it? [ynq] (n) y This jackal corpse is gamey. You finish eating the jackal corpse. You miss the newt. The newt bites! You kill the newt! You see here a violet gem. E - a violet gem. You find a hidden door. The door resists! The door opens. You hear the splashing of a naiad. The grid bug bites! You avoid harm. You hit the grid bug. The grid bug bites! You get zapped! The grid bug strikes at your displaced image and misses you! You kill the grid bug! The grid bug strikes at your displaced image and misses you! You feel more confident in your weapon skills. (Use the #enhance command to advance them.) You hit the grid bug. The grid bug misses! You kill the grid bug! You find a hidden door. The door resists! The door opens. You see here 3 gold pieces. $ - 3 gold pieces (70 in total). The kitten strikes at your displaced image and misses you! The kitten bites! You hit the kitten. The kitten bites! The kitten bites! You miss the kitten. The kitten bites! You miss the kitten. The kitten bites! The kitten bites! You hit the kitten! The kitten bites! The kitten bites! You die... Do you want your possessions identified? [ynq] (y) q Inventory: Coins $ - 70 gold pieces Weapons c - 56 +2 arrows (in quiver) d - 32 +0 arrows b - a +1 bow (alternate weapon; not wielded) a - a blessed +1 dagger (weapon in hand) Armor A - an uncursed +0 orcish helm e - an uncursed +2 cloak of displacement (being worn) t - an uncursed +0 leather armor Comestibles C - an uncursed slime mold f - 4 uncursed cram rations y - an uncursed food ration Scrolls n - a cursed scroll of amnesia m - an uncursed scroll of blank paper i - an uncursed scroll of earth s - an uncursed scroll of fire k - an uncursed scroll of light Spellbooks o - an uncursed spellbook of cancellation Potions B - an uncursed potion of blindness g - an uncursed potion of oil z - a blessed potion of paralysis Wands p - a wand of digging (0:6) Tools w - an uncursed blindfold u - an uncursed skeleton key q - an uncursed tin opener D - 5 uncursed wax candles Gems/Stones E - an uncursed amethyst stone j - an uncursed worthless piece of black glass l - an uncursed worthless piece of white glass Tromix the Ranger's attributes: Background: You were a Lookout, a level 4 male human Ranger. You were chaotic, nominally on a mission for Mars who was opposed by Mercury (lawful) and Venus (neutral). You were in the Dungeons of Doom, on level 2. You entered the dungeon 2613 turns ago. You had 139 experience points, 21 more were needed to attain level 5. Basics: You had 0 out of 28 hit points. You had all 24 energy points (spell power). Your armor class was 7. Your wallet contained 70 zorkmids. Autopickup was off. Final Characteristics: Your strength was 11 (peak:14, limit:18/100). Your dexterity was 13 (limit:18). Your constitution was 14 (limit:18). Your intelligence was 14 (limit:18). Your wisdom was 14 (limit:18). Your charisma was 7 (limit:18). Final Status: You were not hungry. You were unencumbered. You were wielding a dagger. You had basic skill with dagger and could have enhanced that. Final Attributes: You were piously aligned. You had automatic searching. You were displaced. You were warded. You are dead. Miscellaneous: You disabled loading of bones levels. Total elapsed playing time was 10 minutes and 50 seconds. Major events: Turn 1: tromix the chaotic male human Ranger entered the dungeon 1198: attained the rank of Lookout (level 3) 2613: killed by a kitten Vanquished creatures: 2 shriekers a gray ooze an elf zombie a straw golem 3 little dogs 2 floating eyes a dwarf zombie a wererat an iguana an acid blob 4 manes a large kobold 2 cave spiders a yellow mold a gnome zombie 2 geckos 3 jackals a goblin a sewer rat 7 grid bugs 2 lichens 2 newts 41 creatures vanquished. No species were genocided or became extinct. Voluntary challenges: You were an atheist. You read items or engraved 1 time. You never engraved Elbereth. You never genocided any monsters. You never polymorphed an object. You never changed form. You used no wishes. Achievements: You entered a shop. You attained the rank of Lookout. The Dungeons of Doom: levels 1 to 6 Level 1: Level 2: <- You were here. A fountain. Final resting place for you, killed by a kitten. Level 3: A fountain. Level 4: A general store, a fountain, a grave. Level 5: A delicatessen, a fountain. Level 6: Game over: ---------- / \ / REST \ / IN \ / PEACE \ / \ | tromix | | 70 Au | | killed by a | | kitten | | | | | | 2023 | *| * * * | * _________)/\\_//(\/(/\)/\//\/|_)_______ Goodbye tromix the Ranger... You died in The Dungeons of Doom on dungeon level 2 with 879 points, and 70 pieces of gold, after 2613 moves. You were level 4 with a maximum of 28 hit points when you died.